[ AOE2 MATCH · #466604369 ]
UnrankedHuns vs Aztecs
[ REPLAY ANALYSIS · EXTRACTED FROM THE RECORDED GAME ]
Feudal
—
Castle
—
Imperial
—
| APM avg | 23.5 |
| APM peak | 55 |
| eAPM avg | 12.2 |
| Villagers / military | 15 / 0 |
Focus
⚔️ 6.8% · 🌾 93.2%
Feudal
—
Castle
—
Imperial
—
| APM avg | 9.4 |
| APM peak | 23 |
| eAPM avg | 6.5 |
| Villagers / military | 0 / 4 |
Focus
⚔️ 41.2% · 🌾 58.8%
Militia ×4
Feudal
—
Castle
—
Imperial
—
| APM avg | 9.8 |
| APM peak | 15 |
| eAPM avg | 5.5 |
| Villagers / military | 12 / 0 |
Focus
⚔️ 0.0% · 🌾 100.0%
Feudal
—
Castle
—
Imperial
—
| APM avg | 2.2 |
| APM peak | 7 |
| eAPM avg | 2.1 |
| Villagers / military | 0 / 0 |
Focus
⚔️ 0.0% · 🌾 100.0%
Feudal
—
Castle
—
Imperial
—
| APM avg | 37.8 |
| APM peak | 68 |
| eAPM avg | 21.3 |
| Villagers / military | 19 / 0 |
Focus
⚔️ 24.4% · 🌾 75.6%
Feudal
—
Castle
—
Imperial
—
| APM avg | 8.9 |
| APM peak | 23 |
| eAPM avg | 5.3 |
| Villagers / military | 13 / 0 |
Focus
⚔️ 0.0% · 🌾 100.0%
Feudal
—
Castle
—
Imperial
—
| APM avg | 16.3 |
| APM peak | 34 |
| eAPM avg | 10.7 |
| Villagers / military | 24 / 0 |
Focus
⚔️ 0.0% · 🌾 100.0%
Feudal
—
Castle
—
Imperial
—
| APM avg | 38.1 |
| APM peak | 67 |
| eAPM avg | 18.9 |
| Villagers / military | 14 / 0 |
Focus
⚔️ 7.4% · 🌾 92.6%
Match map
Initial resources + every placement click. Lines = walls · curves = elevation contours. ◆ gold · ⬟ stone · ● berries · ✦ relic · ◌ wall gap
Inputs per minute
— 讨逆大将军 - - SeekShelter2007
Build order — 讨逆大将军
19 actions detected in the replay
| 0:08 | Create | Villager (Male) |
| 0:09 | Create | Villager (Male) |
| 0:09 | Create | Villager (Male) |
| 0:09 | Create | Villager (Male) |
| 0:09 | Create | Villager (Male) |
| 1:16 | Research | Loom |
| 1:25 | Create | Villager (Male) |
| 1:52 | Build | Palisade Wall |
| 1:59 | Build | Building 804 |
| 2:01 | Create | Villager (Male) |
| 2:24 | Create | Villager (Male) |
| 2:24 | Create | Villager (Male) |
| 2:56 | Create | Villager (Male) |
| 3:33 | Create | Villager (Male) |
| 4:02 | Build | Mill |
| 4:04 | Create | Villager (Male) |
| 4:55 | Create | Villager (Male) |
| 5:17 | Create | Villager (Male) |
| 5:35 | Create | Villager (Male) |
Build order — SeekShelter2007
4 actions detected in the replay
| 1:24 | Build | Barracks |
| 2:14 | Create | Militia ×4 |
| 2:33 | Research | Loom |
| 3:08 | Build | House |
Build order — Don Typhoon
15 actions detected in the replay
| 0:04 | Build | House |
| 0:08 | Build | House |
| 0:23 | Create | Villager (Male) |
| 0:23 | Create | Villager (Male) |
| 0:40 | Create | Villager (Male) |
| 1:10 | Create | Villager (Male) |
| 1:49 | Create | Villager (Male) |
| 2:31 | Create | Villager (Male) |
| 3:46 | Create | Villager (Male) |
| 3:47 | Create | Villager (Male) |
| 3:47 | Create | Villager (Male) |
| 4:25 | Create | Villager (Male) |
| 4:37 | Build | Lumber Camp |
| 4:42 | Create | Villager (Male) |
| 5:22 | Create | Villager (Male) |
Build order — viNEGAR
2 actions detected in the replay
| 1:47 | Build | House |
| 1:49 | Build | House |
Build order — DSLG | Jorg3.M
25 actions detected in the replay
| 0:03 | Build | House |
| 0:06 | Build | House |
| 0:07 | Create | Villager (Male) |
| 0:08 | Create | Villager (Male) |
| 0:08 | Create | Villager (Male) |
| 0:08 | Create | Villager (Male) |
| 0:08 | Create | Villager (Male) |
| 0:09 | Research | Loom |
| 0:15 | Create | Villager (Male) |
| 0:15 | Create | Villager (Male) |
| 0:15 | Create | Villager (Male) |
| 0:18 | Research | Loom |
| 0:19 | Create | Villager (Male) |
| 0:19 | Create | Villager (Male) |
| 0:19 | Create | Villager (Male) |
| 0:20 | Create | Villager (Male) |
| 0:20 | Create | Villager (Male) |
| 1:14 | Build | Palisade Wall |
| 1:21 | Build | Palisade Gate |
| 4:15 | Create | Villager (Male) |
| 4:16 | Create | Villager (Male) |
| 4:16 | Create | Villager (Male) |
| 4:16 | Create | Villager (Male) |
| 4:54 | Create | Villager (Male) |
| 4:55 | Create | Villager (Male) |
Build order — SuboptimallyRefrigeratedBeefMilk
17 actions detected in the replay
| 0:02 | Create | Villager (Male) |
| 0:02 | Create | Villager (Male) |
| 0:08 | Build | House |
| 0:31 | Create | Villager (Male) |
| 0:32 | Create | Villager (Male) |
| 0:36 | Build | House |
| 0:37 | Build | House |
| 0:38 | Build | House |
| 1:50 | Create | Villager (Male) |
| 2:39 | Create | Villager (Male) |
| 2:39 | Create | Villager (Male) |
| 3:31 | Create | Villager (Male) |
| 3:31 | Create | Villager (Male) |
| 3:31 | Create | Villager (Male) |
| 4:19 | Create | Villager (Male) |
| 4:19 | Create | Villager (Male) |
| 4:33 | Create | Villager (Male) |
Build order — trancas
30 actions detected in the replay
| 0:02 | Create | Villager (Male) |
| 0:03 | Create | Villager (Male) |
| 0:03 | Create | Villager (Male) |
| 0:03 | Create | Villager (Male) |
| 0:03 | Create | Villager (Male) |
| 0:06 | Build | House |
| 0:40 | Build | House |
| 0:41 | Build | House |
| 0:42 | Build | House |
| 1:48 | Create | Villager (Male) |
| 1:49 | Create | Villager (Male) |
| 1:50 | Research | Loom |
| 2:05 | Build | House |
| 2:08 | Create | Villager (Male) |
| 2:29 | Create | Villager (Male) |
| 2:57 | Create | Villager (Male) |
| 2:58 | Create | Villager (Male) |
| 3:31 | Create | Villager (Male) |
| 3:39 | Create | Villager (Male) |
| 3:40 | Create | Villager (Male) |
| 4:15 | Create | Villager (Male) |
| 4:15 | Create | Villager (Male) |
| 4:41 | Create | Villager (Male) |
| 4:41 | Create | Villager (Male) |
| 4:41 | Create | Villager (Male) |
| 5:21 | Create | Villager (Male) |
| 5:21 | Create | Villager (Male) |
| 5:21 | Create | Villager (Male) |
| 5:34 | Create | Villager (Male) |
| 5:34 | Create | Villager (Male) |
Build order — lerbismancillag
15 actions detected in the replay
| 0:03 | Create | Villager (Male) |
| 0:04 | Research | Loom |
| 0:05 | Create | Villager (Male) ×3 |
| 0:05 | Create | Villager (Male) ×3 |
| 0:14 | Build | House |
| 1:05 | Build | Palisade Wall |
| 4:32 | Create | Villager (Male) |
| 4:32 | Create | Villager (Male) |
| 4:33 | Create | Villager (Male) |
| 4:33 | Create | Villager (Male) |
| 4:43 | Build | House |
| 4:44 | Build | House |
| 5:15 | Create | Villager (Male) |
| 5:15 | Create | Villager (Male) |
| 5:15 | Create | Villager (Male) |
Match timeline
| 1:05 | lerbismancillag · wall_segment Palisade Wall x20 |
| 1:14 | DSLG | Jorg3.M · wall_segment Palisade Wall x27 |
| 1:24 | SeekShelter2007 · first_building Barracks |
| 1:52 | 讨逆大将军 · wall_segment Palisade Wall x7 |
| 5:26 | viNEGAR · resign |
[ AI ANALYSIS · 1 CREDIT ]
What really happened in this match?
Wolo.gg analyzes every decision: build order, eco, micro, common mistakes by bracket. Personalized analysis on WhatsApp or Discord in 30 seconds.
Civ guide
Huns
Perfil
Jugador #20227052